 Dungeon Crawl Stone Soup version 0.19-a0-1886-gd64a0f0 (webtiles) character file.

107 JeffiDaFish the Sneak (level 4, -2/32 HPs)
             Began as a Vampire Enchanter on Oct 16, 2016.
             Slain by Natasha (8 damage)
             ... on level 3 of the Dungeon.
             The game lasted 00:06:31 (2194 turns).

JeffiDaFish the Sneak (Vampire Enchanter)           Turns: 2194, Time: 00:06:31

Health: -2/32      AC:  4    Str:  8    XL:     4   Next: 57%
Magic:  0/7        EV: 13    Int: 17    God:
Gold:   156        SH:  0    Dex: 14    Spells: 3 memorised, 1 level left

rFire  . . .     SeeInvis +     a - +1 dagger
rCold  . . .     Gourm    .     b - +2 robe
rNeg   + . .     Faith    .     (no shield)
rPois  .         Spirit   .     (no helmet)
rElec  .         Dismiss  .     (no cloak)
rCorr  .         Reflect  .     (no gloves)
MR     .....     Harm     .     (no boots)
Stlth  +++.......               (no amulet)
                                (no ring)
                                (no ring)

@: very slightly contaminated
A: fangs 3, see invisible, unbreathing
a: Bat Form


You were on level 3 of the Dungeon.
You were not thirsty.

You visited 1 branch of the dungeon, and saw 3 of its levels.

You collected 156 gold pieces.

Inventory:

Hand Weapons
 a - a +1 dagger (weapon)
Armour
 b - a +2 robe (worn)
Scrolls
 e - 3 scrolls of amnesia
 f - 2 scrolls of enchant armour
 g - a scroll of identify
 i - a scroll of magic mapping
Potions
 d - 9 potions of blood
 h - a potion of curing
Books
 c - a book of Maledictions

   Spells                             Type                      Level
   a - Corona                         Hexes                        1
   b - Ensorcelled Hibernation        Hexes/Ice                    2
   c - Confuse                        Hexes                        3
   d - Tukima's Dance                 Hexes                        3
   e - Dazzling Spray                 Conjuration/Hexes            3


   Skills:
 * Level 1.1 Fighting
 + Level 2.1 Short Blades
 + Level 2.5 Dodging
 + Level 5.5 Stealth
 + Level 2.3 Spellcasting
 + Level 5.5 Hexes
 + Level 0.0 Ice Magic


You had one spell level left.
You knew the following spells:

 Your Spells              Type           Power        Failure   Level  Hunger
a - Corona                Hex            ###....      1%          1    #......
b - Ensorcelled Hibernat  Hex/Ice        ##....       12%         2    ###....
c - Confuse               Hex            ###.....     8%          3    ###....


Dungeon Overview and Level Annotations

Branches:
Dungeon (3/15)

Altars:

Annotations:
D:3 Natasha


Innate Abilities, Weirdness & Mutations

You have razor-sharp teeth.
You have supernaturally acute eyesight. (SInv)
You can survive without breathing.


Message History

The jackal looks drowsy...
The helpless jackal fails to defend itself.
You impale the jackal!!
You kill the jackal!
The crimson imp grinds its teeth.
Natasha howls an incantation.
Natasha glows brightly for a moment.
Natasha stares at you and mumbles some strange words.
The magic dart hits you!
Casting: Ensorcelled Hibernation
Confirm with . or Enter, or press ? or * to list all spells.
Aiming: Confuse
Press: ? - help, Shift-Dir - straight line, f - Natasha
Aim: Natasha (fast, chance to defeat MR: 50%) Natasha appears confused.
Natasha claws you.
* * * LOW HITPOINT WARNING * * *
You hit Natasha but do no damage.
The crimson imp disappears in a puff of smoke!
Natasha claws you!
You die...

.........r...# .
..$.....r....#.#
...[..h.r#####.#
..#."..h...%..#
#.###.(..ยง### #
#####r# #5# #h#
#@# ### #.# #.#
.. #.#####.###
... #.........#
.... #######.###
.... #.# .. #.#
.. #.# ## #.#


You could see an iron imp, Natasha (confused) and a rat.

Vanquished Creatures
  Natasha (D:2)
  5 adders
  A worm (D:2)
  A dart slug (D:1)
  A leopard gecko (D:2)
  A giant cockroach (D:2)
  5 goblins
  2 hobgoblins
  4 jackals (D:3)
  6 kobolds
  A quokka (D:2)
  A bat (D:2)
  2 frilled lizards
  6 rats
37 creatures vanquished.

Notes
Turn   | Place    | Note
-------+----------+-------------------------------------------
     0 | D:1      | JeffiDaFish the Vampire Enchanter began the quest for the Orb.
     0 | D:1      | Reached XP level 1. HP: 13/13 MP: 3/3
   274 | D:1      | Reached skill level 5 in Hexes
   322 | D:1      | Reached XP level 2. HP: 12/19 MP: 5/5
   428 | D:1      | Learned a level 2 spell: Ensorcelled Hibernation
   932 | D:2      | Reached XP level 3. HP: 16/24 MP: 3/6
  1006 | D:2      | Noticed Natasha
  1012 | D:2      | Killed Natasha
  1012 | D:2      | Reached skill level 5 in Stealth
  1020 | D:2      | Learned a level 3 spell: Confuse
  1313 | D:2      | Reached XP level 4. HP: 31/31 MP: 7/7
  1841 | D:2      | Reached skill level 1 in Fighting
  2168 | D:3      | Noticed Natasha
  2194 | D:3      | Slain by Natasha

Vault maps used:
D:1:      dpeg_arrival_water_temple_mockup, minmay_misc_feat_more_columns,
          minmay_misc_feat_ornament, serial_bayou_pond_d
D:2:      uniq_natasha
D:3:      ecumenical_altar_1

Skill      XL: |  1  2  3  4 |
---------------+-------------+-----
Hexes          | 5 |  5.5
Stealth        | 5 |  5.5
Short Blades   | 2 |  2.1
Fighting       | 1 |  1.1
Dodging        | |  2.5
Spellcasting   | |  2.3

Action                   |  1- 3 |  4- 6 || total
-------------------------+-------+-------++-------
Melee: Dagger            |    62 |    49 ||   111
       Bite              |     4 |     2 ||     6
 Cast: Ensorcelled Hiber |     4 |     7 ||    11
       Confuse           |       |     1 ||     1
  Use: Scroll            |     4 |     2 ||     6
       Potion            |     5 |     4 ||     9
 Stab: Sleeping          |    11 |     5 ||    16
Armor: Robe              |     8 |    11 ||    19
Dodge: Dodged            |    28 |    34 ||    62
